 Dungeon Crawl Stone Soup version 0.27.1-35-g4d5d836560 (webtiles) character file.

Game seed: 9433992280216101461

67 Delamore the Sneak (level 4, -6/29 HPs)
             Began as an Octopode Brigand on Mar 14, 2022.
             Mangled by a worm (10 damage)
             ... on level 2 of the Dungeon.
             The game lasted 00:01:23 (1890 turns).

Delamore the Sneak (Octopode Brigand)               Turns: 1890, Time: 00:01:23

Health: -6/29      AC:  1    Str: 10    XL:     4   Next: 18%
Magic:  4/4        EV: 12    Int: 13    God:
Gold:   113        SH:  5    Dex: 14    Spells: 3/3 levels left

rFire    . . .     SeeInvis .   a - +2 dagger
rCold    . . .     Faith    .   (no shield)
rNeg     . . .     Spirit   .   (helmet restricted)
rPois    .         Reflect  +   g - amulet of reflection
rElec    .         Harm     .   (no ring)
rCorr    .         Rampage  .   (no ring)
Will     .....                  (no ring)
Stlth    ++++......             (no ring)
HPRegen  0.09/turn              (no ring)
MPRegen  0.09/turn              (no ring)
                                (no ring)
                                (no ring)

@: no status effects
A: almost no armour, amphibious, 8 rings, camouflage 1, gelatinous body 1,
(nimble swimmer 1), tentacles
a: no special abilities


You were on level 2 of the Dungeon.
You visited 1 branch of the dungeon, and saw 2 of its levels.

You collected 113 gold pieces.

Inventory:

Hand Weapons
 a - a +2 dagger (weapon)
Missiles
 b - 23 poisoned darts (quivered)
 c - 2 curare-tipped darts
Jewellery
 g - an amulet of reflection (around mantle)
Scrolls
 d - a scroll of identify
 e - a scroll of enchant armour
Potions
 f - a potion of flight {unknown}
 h - 2 potions of haste {unknown}
 i - a potion of might {unknown}
 j - a potion of brilliance {unknown}
 k - a potion of heal wounds {unknown}


   Skills:
 - Level 2.0 Fighting
 + Level 2.9 Short Blades
 - Level 2.0 Throwing
 - Level 1.0 Dodging
 * Level 7.0 Stealth


You had 3 spell levels left.
You didn't know any spells.
Your spell library was empty.

Dungeon Overview and Level Annotations

Branches:
Dungeon (2/15)

Altars:


Innate Abilities, Weirdness & Mutations

You cannot wear most types of armour.
You are amphibious.
You can wear up to eight rings at the same time.
Your skin changes colour to match your surroundings (Stealth+).
Your rubbery body absorbs attacks. (AC +1, EV +1)
((You are camouflaged near water. (Stealth+)))
You have tentacles for arms and can constrict up to eight enemies at once.


Message History

You constrict the adder.
You feel sick. You block the adder's attack.
You hit the adder. Your squeeze misses the adder.
The adder is severely wounded.
You constrict the adder, but do no damage.
You feel sick. The adder closely misses you.
You hit the adder but do no damage.
The adder is severely wounded.
You constrict the adder.
You feel sick. The adder bites you.
You hit the adder.
You kill the adder!
You feel sick.
Your Stealth skill increases to level 7!
You feel sick. You block the worm's attack.
Things that are here:
18 gold pieces; an adder corpse You barely miss the worm.
You grab the worm. You constrict the worm.
You feel sick.
You hit the worm but do no damage.
The worm is lightly wounded.
You constrict the worm.
You feel sick. The worm bites you!
* * * LOW HITPOINT WARNING * * *
You are too injured to fight recklessly!
You are too injured to fight recklessly!
You are too injured to fight recklessly!
You are too injured to fight recklessly!
You are too injured to fight recklessly!
You are too injured to fight recklessly!
You are too injured to fight recklessly!
You are too injured to fight recklessly!
You are too injured to fight recklessly!
You are too injured to fight recklessly!
You are too injured to fight recklessly!
You hit the worm but do no damage. You squeeze the worm!
The worm is heavily wounded.
You constrict the worm.
You feel sick.
You are no longer poisoned.
You hit the worm but do no damage. You squeeze the worm.
The worm is severely wounded.
You constrict the worm. The worm bites you!
You die...

...............#
#........
.......>......## ###
########.
#.....#......#### #..
##
########........###.#
# ####........#
#.....#..# #........#
#....#'#.# #...##@#
#...#?w.+ ##..##.##
#...### #... ##..


You could see a worm.

Vanquished Creatures
  2 adders (D:2)
  A worm (D:2)
  A ball python (D:1)
  3 bats (D:1)
  11 endoplasms
  3 goblins
  5 hobgoblins (D:1)
  3 kobolds (D:1)
  2 quokkas (D:1)
  4 frilled lizards
  7 rats (D:1)
42 creatures vanquished.

Notes
Turn   | Place    | Note
-------+----------+-------------------------------------------
     0 | D:1      | Delamore the Octopode Brigand began the quest for the Orb.
     0 | D:1      | Reached XP level 1. HP: 14/14 MP: 1/1
   266 | D:1      | Reached XP level 2. HP: 17/19 MP: 2/2
   439 | D:1      | Reached skill level 6 in Stealth
   979 | D:1      | Reached XP level 3. HP: 22/24 MP: 3/3
  1815 | D:2      | Reached XP level 4. HP: 23/29 MP: 4/4
  1886 | D:2      | Reached skill level 7 in Stealth
  1890 | D:2      | Mangled by a worm

Illustrated notes

Levels and vault maps discovered:
D:1:      dpeg_arrival_round_c, layout_loops_ring, amcnicky_mini_pool_small,
          minmay_rat_gold_closets
D:2:      layout_rooms, serial_corexii_hall, corexii_hall_statues_s,
          chequers_hall_statues_y, minmay_misc_feat_hallway,
          minmay_joined_circles

Skill      XL: |  1  2  3  4 |
---------------+-------------+-----
Stealth        | 6 7 |  7.0
Fighting       | |  2.0
Short Blades   | |  2.9
Throwing       | |  2.0
Dodging        | |  1.0

Action                   |  1- 3 |  4- 6 || total
-------------------------+-------+-------++-------
Melee: Dagger            |    66 |     9 ||    75
       Constrict         |    10 |     2 ||    12
       Tentacles         |     5 |     2 ||     7
  Use: Scroll            |     1 |       ||     1
 Stab: Sleeping          |    22 |       ||    22
Armor: Skin              |     3 |       ||     3
Dodge: Dodged            |    16 |     2 ||    18
Block: Other             |     2 |     2 ||     4
